Map: Tropic Shores

Players

LargeOrange - Winner!

  • Race: Protoss Protoss
  • League: Bronze
  • Spawn Location: 0:00

Infamous - Winner!

  • Race: Protoss Protoss
  • League: Silver
  • Spawn Location: 12:00

freakonature - Winner!

  • Race: Terran Terran
  • Spawn Location: 12:00

Yoer - Winner!

  • Race: Zerg Zerg
  • League: Gold
  • Spawn Location: 11:00

CLUBSHADES

  • Race: Zerg Zerg
  • Spawn Location: 6:00

NitoKing

  • Race: Protoss Protoss
  • Spawn Location: 5:00

DarkHawk

  • Race: Protoss Protoss
  • Spawn Location: 6:00

jihoonk

  • Race: Terran Terran
  • League: Gold
  • Spawn Location: 5:00

VOD

Have the link to the VOD?

Description

Time

  • Played on: April 1, 2018, 1:29 p.m.
  • Length: 16:12
Show
View Real Time Build Order
Export as new Build Order

LargeOrange Protoss - Winner!

Build Orders:  

Get SALT Encoding   

  12  0:17  Pylon  
  12  0:41  Gateway  
  12  0:43  Forge  
  12  0:46  Probe  
  13  0:58  Probe  
  14  1:11  Probe  
  15  1:23  Probe  
  16  1:35  Probe  
  17  1:47  Probe  
  18  1:59  Probe  
  19  2:47  Pylon  
  19  2:48  Pylon  
  19  2:50  Pylon  
  19  2:52  Pylon  
  19  2:54  Pylon  
  18  3:13  Assimilator  
  18  3:16  Assimilator  
  18  3:32  Cybernetics Core  
  18  3:37  Gateway  
  18  3:52  Probe (Chrono Boost)  
  19  4:02  Probe (Chrono Boost)  
  20  4:06  Probe (Chrono Boost)  
  21  4:18  Probe  
  22  4:30  Probe  
  23  4:38  Pylon  
  23  4:39  Pylon  
  23  4:41  Pylon  
  23  4:43  Pylon  
  23  4:44  Pylon  
  23  5:08  Photon Cannon  
  23  5:14  Photon Cannon  
  23  5:15  Photon Cannon  
  23  5:17  Photon Cannon  
  23  5:19  Photon Cannon  
  23  5:28  Shield Battery  
  23  5:38  Shield Battery  
  23  5:41  Shield Battery  
  23  5:47  Photon Cannon  
  23  5:48  Photon Cannon  
  23  5:50  Warp Gate (Chrono Boost)  
  23  6:10  Probe  
  24  6:16  Gateway  
  24  6:17  Gateway  
  24  6:18  Gateway  
  24  6:26  Gateway  
  24  6:37  Stalker  
  26  7:07  Stalker  
  28  7:42  Pylon  
  28  7:48  Gateway  
  28  7:51  Gateway  
  28  7:59  Stalker  
  28  8:00  Stalker x2  
  28  8:01  Stalker  
  28  8:02  Stalker  
  28  8:03  Stalker  
  40  8:26  Pylon  
  40  8:32  Gateway  
  40  8:35  Gateway  
  40  8:54  Gateway  
  40  8:57  Gateway  
  40  9:04  Gateway  
  40  9:18  Twilight Council  
  40  9:57  Stalker  
  40  9:58  Stalker x2  
  40  9:59  Stalker  
  48  10:00  Stalker  
  34  11:57  Stalker  
  34  11:58  Stalker  
  34  11:59  Stalker x2  
  34  12:00  Stalker  
  34  12:02  Stalker x2  
  34  12:03  Stalker  
  34  12:04  Stalker  
Show
View Real Time Build Order
Export as new Build Order

Infamous Protoss - Winner!

Build Orders: 1 Gate Expand 

Get SALT Encoding   

  12  0:02  Probe  
  13  0:14  Probe  
  13  0:20  Pylon  
  14  0:36  Probe  
  14  0:41  Gateway  
  15  0:56  Probe (Chrono Boost)  
  16  1:04  Assimilator  
  16  1:05  Probe (Chrono Boost)  
  16  1:10  Probe (Chrono Boost)  
  18  1:22  Probe  
  19  1:32  Cybernetics Core  
  19  1:42  Nexus  
  19  1:47  Probe  
  20  1:59  Probe (Chrono Boost)  
  21  2:02  Assimilator  
  21  2:13  Gateway  
  21  2:14  Zealot (Chrono Boost)  
  23  2:26  Warp Gate  
  23  2:35  Gateway  
  23  2:38  Pylon  
  23  2:41  Pylon  
  23  2:54  Probe, Sentry  
  26  3:02  Adept  
  28  3:06  Probe  
  28  3:09  Probe  
  30  3:18  Probe  
  31  3:21  Probe  
  31  3:22  Stalker (Chrono Boost)  
  36  3:36  Probe  
  36  3:37  Probe, Stalker (Chrono Boost)  
  38  3:43  Stargate  
  38  3:52  Probe x2  
  40  3:59  Pylon  
  40  4:03  Pylon  
  40  4:04  Probe  
  41  4:27  Probe x2  
  41  4:28  Oracle  
  46  4:41  Gateway  
  46  4:42  Gateway  
  46  4:44  Gateway  
  46  4:47  Assimilator  
  46  4:48  Forge  
  46  4:51  Probe x2  
  48  4:57  Sentry x3  
  54  5:04  Probe x2  
  56  5:16  Pylon, Protoss Ground Weapons Level 1 (Chrono Boost)  
  56  5:20  Shield Battery  
  56  5:21  Shield Battery  
  56  5:27  Probe x2  
  58  5:38  Stalker x2  
  58  5:39  Stalker  
  64  5:54  Stalker x2  
  68  6:10  Zealot x4  
  76  6:22  Photon Cannon  
  76  6:24  Assimilator  
  76  6:25  Probe x2  
  78  6:26  Photon Cannon  
  78  6:34  Pylon  
  78  6:37  Gateway  
  78  6:47  Pylon, Stargate  
  78  6:52  Probe, Oracle  
  79  7:08  Stalker x3  
  79  7:09  Stalker  
  79  7:14  Probe x2  
  79  7:15  Photon Cannon  
  89  7:16  Protoss Ground Armor Level 1 (Chrono Boost)  
  89  7:21  Photon Cannon  
  89  7:23  Sentry  
  91  7:45  Twilight Council  
  91  7:46  Stalker  
  94  8:05  Probe  
  94  8:20  Pylon  
  94  8:24  Pylon  
  94  8:27  Pylon  
  94  8:29  Protoss Air Weapons Level 1 (Chrono Boost)  
  94  8:39  Probe  
  99  8:41  Void Ray x2 (Chrono Boost)  
  99  8:46  Pylon  
  103  8:49  Pylon  
  103  9:03  Photon Cannon  
  103  9:04  Blink (Chrono Boost)  
  103  9:10  Stalker x4  
  103  9:12  Zealot x3  
  117  9:38  Stalker x3  
  119  9:39  Stalker x2  
  127  9:52  Zealot x2  
  131  9:59  Gateway  
  131  10:00  Gateway  
  131  10:01  Gateway  
  131  10:03  Gateway  
  131  10:20  Stalker  
  133  10:32  Pylon  
  133  10:35  Pylon  
  133  10:39  Pylon  
  133  10:43  Pylon  
  133  10:46  Void Ray (Chrono Boost)  
  133  10:48  Void Ray (Chrono Boost)  
  134  10:51  Sentry x2  
  134  10:56  Zealot x4  
  150  10:57  Zealot  
  148  11:19  Protoss Ground Armor Level 2 (Chrono Boost)  
  148  11:20  Protoss Air Armor Level 1  
  148  11:47  Zealot x4  
  148  11:48  Zealot x5  
  166  11:58  Charge (Chrono Boost)  
  122  12:27  Stalker x3  
  122  12:28  Stalker x4  
  122  12:29  Zealot x3  
  132  12:30  Zealot  
  130  12:54  Photon Cannon  
  130  12:55  Photon Cannon  
  130  12:57  Photon Cannon  
  130  13:00  Photon Cannon  
  130  13:01  Photon Cannon  
  130  13:28  Zealot x3  
  130  13:29  Zealot x3  
  130  13:30  Zealot  
  130  13:32  Sentry x2  
  136  13:49  Pylon  
  136  13:51  Pylon  
  136  13:54  Pylon  
  134  14:26  Robotics Facility  
  134  14:27  Robotics Facility  
  134  14:44  Stalker  
  134  14:45  Stalker x3  
  142  14:48  Sentry  
  144  15:03  Void Ray (Chrono Boost)  
  152  15:53  Stalker  
  152  15:54  Stalker x2  
Show
View Real Time Build Order
Export as new Build Order

freakonature Terran - Winner!

Build Orders: Mech 

Get SALT Encoding   

  12  0:02  SCV  
  13  0:14  SCV  
  14  0:21  Supply Depot  
  14  0:27  SCV  
  15  0:43  SCV  
  15  0:44  Barracks  
  16  0:55  SCV  
  17  0:58  Refinery  
  17  1:07  SCV  
  18  1:19  SCV  
  19  1:31  Orbital Command  
  19  1:35  Bunker  
  19  1:57  SCV  
  20  2:02  Refinery  
  20  2:05  Marine, Supply Depot  
  21  2:10  SCV  
  22  2:22  SCV  
  23  2:28  Barracks  
  23  2:32  Marine  
  23  2:34  SCV  
  25  2:48  Command Center  
  25  2:52  SCV  
  25  2:54  Marine  
  27  3:04  SCV  
  28  3:10  Factory  
  28  3:11  Engineering Bay  
  28  3:12  Marine  
  29  3:16  SCV  
  29  3:17  Marine  
  31  3:31  Supply Depot  
  31  3:32  Supply Depot  
  31  3:52  Marine, SCV  
  33  4:00  Bunker  
  33  4:03  Factory Tech Lab  
  33  4:04  SCV  
  34  4:10  Factory  
  34  4:13  Supply Depot  
  34  4:16  SCV  
  35  4:24  Missile Turret  
  35  4:29  SCV  
  36  4:35  SCV  
  36  4:37  Marine x2  
  39  4:40  Siege Tank  
  39  4:41  SCV  
  39  4:44  Infernal Pre-Igniter  
  43  4:47  SCV  
  44  4:55  Marine  
  44  4:59  SCV  
  46  5:06  Missile Turret  
  46  5:11  SCV  
  48  5:14  SCV  
  48  5:15  Factory Tech Lab  
  48  5:20  Refinery  
  48  5:22  Refinery  
  48  5:23  SCV  
  49  5:34  SCV  
  51  5:35  SCV  
  51  5:42  Missile Turret  
  51  5:46  SCV  
  51  5:47  Orbital Command  
  52  5:57  Armory  
  52  5:58  SCV  
  53  6:04  Siege Tank  
  53  6:10  SCV  
  57  6:11  Marine  
  57  6:12  Marine  
  57  6:15  Siege Tank  
  57  6:16  SCV  
  63  6:22  Missile Turret  
  63  6:28  SCV  
  63  6:29  Marine  
  65  6:36  Siege Tank  
  68  6:40  SCV  
  69  6:47  SCV  
  70  6:54  Supply Depot  
  70  6:59  Supply Depot, Thor  
  70  7:00  SCV  
  77  7:03  Missile Turret  
  77  7:14  Marine  
  78  7:15  Marine  
  79  7:28  Terran Vehicle Weapons Level 1  
  79  7:32  Marine  
  79  7:33  Marine  
  79  7:36  Armory  
  81  7:37  SCV  
  81  7:39  SCV  
  81  7:40  Factory  
  83  7:49  SCV  
  83  7:50  Marine  
  85  7:52  SCV  
  85  7:58  Smart Servos  
  86  8:01  SCV  
  86  8:04  Command Center  
  87  8:09  Thor  
  93  8:14  Supply Depot  
  93  8:16  Supply Depot  
  93  8:19  Siege Tank  
  96  8:35  Factory Tech Lab  
  96  8:41  Terran Vehicle And Ship Armor Level 1  
  96  8:42  SCV  
  97  8:51  Thor  
  97  8:52  Siege Tank  
  97  8:54  SCV  
  107  9:20  Planetary Fortress  
  107  9:58  SCV  
  108  10:04  Missile Turret  
  108  10:07  Missile Turret  
  108  10:10  SCV  
  109  10:14  Thor x3  
  109  10:18  Terran Vehicle Weapons Level 2  
  127  10:24  Supply Depot  
  127  10:28  Missile Turret  
  127  10:29  SCV  
  127  10:30  Supply Depot  
  127  10:32  Supply Depot  
  128  10:41  SCV  
  129  10:48  Supply Depot  
  117  10:56  Missile Turret  
  117  10:57  Siege Tank x2  
  117  10:59  Missile Turret  
  117  11:22  SCV  
  117  11:34  SCV  
  118  11:42  Thor x3  
  118  11:46  SCV  
  137  11:58  SCV  
  138  12:10  SCV  
  139  12:25  Siege Tank x2, Thor  
  151  12:57  Siege Tank  
  151  12:58  Hellion  
  156  13:08  Hellion  
  152  13:19  Hellion  
  154  13:29  Hellion  
  154  13:30  Hellion  
  158  13:40  Hellion  
  160  13:51  Hellion x2  
  152  14:40  Siege Tank x2, Thor  
  152  14:42  Marine  
  165  14:49  Supply Depot x2  
  165  14:50  Supply Depot  
  165  14:52  Supply Depot  
  165  15:10  Marine x2  
  165  15:11  Thor  
  165  15:12  Thor  
  179  15:23  Thor  
  179  15:28  Marine x2  
  187  15:46  Marine x2  
Show
View Real Time Build Order
Export as new Build Order

Yoer Zerg - Winner!

Build Orders: Hatch First 

Get SALT Encoding   

  12  0:02  Drone  
  13  0:08  Drone  
  14  0:17  Overlord  
  14  0:36  Drone x3  
  17  0:48  Extractor  
  16  0:50  Drone  
  17  1:07  Drone  
  17  1:09  Overlord, Hatchery  
  17  1:23  Drone  
  18  1:31  Spawning Pool  
  17  1:34  Drone  
  18  1:41  Drone  
  19  2:13  Drone x2  
  19  2:14  Drone  
  22  2:19  Queen  
  22  2:20  Extractor  
  22  2:21  Drone, Queen  
  26  2:25  Drone  
  27  2:35  Overlord  
  27  2:38  Extractor  
  27  2:42  Drone x2  
  28  2:51  Metabolic Boost  
  28  2:55  Lair  
  28  3:01  Drone  
  28  3:05  Drone x2  
  31  3:06  Drone  
  32  3:29  Drone  
  32  3:30  Drone x4  
  32  3:33  Drone x3  
  41  3:34  Drone  
  41  3:36  Drone  
  42  3:41  Overlord  
  42  4:03  Drone x2  
  42  4:05  Drone  
  42  4:06  Drone  
  42  4:09  Drone x2  
  48  4:10  Extractor  
  48  4:16  Drone, Spire  
  47  4:18  Overlord  
  47  4:19  Overlord  
  47  4:23  Drone  
  48  4:39  Drone  
  48  4:41  Hatchery  
  48  4:51  Evolution Chamber  
  47  4:53  Infestation Pit  
  47  4:54  Drone  
  47  4:55  Drone  
  49  5:07  Drone x6  
  49  5:09  Queen  
  56  5:14  Drone  
  56  5:15  Drone x5  
  62  5:21  Overlord  
  62  5:26  Extractor  
  62  5:28  Extractor  
  60  5:32  Hive  
  60  5:39  Drone  
  60  5:40  Drone x3  
  64  5:49  Zerg Flyer Weapons Level 1  
  64  6:01  Drone  
  65  6:16  Drone x2  
  67  6:22  Drone  
  67  6:23  Drone x3  
  71  6:39  Zerg Melee Weapons Level 1  
  71  6:43  Overlord x4  
  71  7:15  Drone  
  72  7:16  Ultralisk Cavern  
  72  7:17  Drone  
  72  7:18  Drone  
  73  7:37  Mutalisk  
  73  7:38  Mutalisk x9  
  73  7:42  Hatchery  
  73  7:43  Zerg Flyer Armor Level 1  
  92  7:45  Mutalisk  
  92  7:46  Mutalisk x10  
  92  7:51  Overlord x4  
  114  7:52  Overlord x2  
  114  7:56  Overseer  
  114  8:03  Burrow  
  114  8:06  Adrenal Glands  
  114  8:16  Chitinous Plating  
  114  8:34  Zerg Melee Weapons Level 2  
  114  8:36  Mutalisk x4  
  122  9:02  Queen  
  124  9:03  Extractor  
  124  9:04  Extractor  
  122  9:30  Drone x2  
  122  9:31  Drone  
  124  9:36  Zerg Flyer Weapons Level 2  
  122  9:50  Hatchery  
  121  10:00  Hatchery  
  110  10:37  Corruptor x9  
  110  10:38  Corruptor x2  
  132  10:51  Extractor  
  131  11:07  Corruptor  
  131  11:08  Corruptor x10  
  137  11:52  Zerg Flyer Armor Level 2  
  137  11:54  Drone  
  137  11:56  Drone x3  
  137  11:58  Drone  
  137  11:59  Drone  
  137  12:29  Extractor  
  136  12:31  Extractor, Drone  
  136  12:32  Drone  
  136  12:33  Drone  
  138  12:42  Corruptor x3  
  138  12:43  Corruptor x15  
  146  15:49  Zergling x2  
  147  15:50  Zergling x22  
  147  15:52  Zergling x2  
  147  15:53  Zergling x4  
Show
View Real Time Build Order
Export as new Build Order

CLUBSHADES Zerg 

Build Orders: Pool First 

Get SALT Encoding   

  12  0:10  Overlord  
  12  0:14  Drone  
  13  0:19  Extractor  
  13  0:20  Drone  
  13  0:39  Drone  
  13  0:40  Drone  
  15  0:47  Drone  
  16  0:56  Spawning Pool  
  15  0:57  Drone  
  16  1:05  Drone  
  17  1:18  Drone  
  18  1:24  Extractor  
  17  1:30  Overlord  
  17  1:39  Drone  
  18  1:46  Lair  
  18  1:49  Drone  
  19  2:01  Drone  
  20  2:13  Zergling x2  
  21  2:18  Extractor  
  20  2:23  Drone  
  21  2:32  Drone  
  22  2:52  Hydralisk Den  
  22  2:55  Queen  
  22  2:57  Overlord  
  23  2:59  Zergling x2  
  23  3:03  Metabolic Boost  
  24  3:09  Drone  
  25  3:15  Drone  
  26  3:29  Drone  
  27  3:39  Overlord  
  27  4:07  Drone x2  
  29  4:45  Hydralisk x3  
  29  4:46  Hydralisk x3  
  41  4:54  Drone  
  42  5:11  Extractor  
  41  5:21  Overlord  
  41  5:22  Hydralisk x2  
  41  5:26  Overlord  
  45  5:33  Drone  
  46  5:55  Extractor  
  45  6:35  Hydralisk x3  
  45  6:36  Hydralisk x5  
  45  6:39  Overlord  
  61  6:41  Hatchery  
  61  6:46  Spine Crawler  
  59  6:49  Spore Crawler  
  59  6:53  Spore Crawler  
  57  6:57  Spine Crawler  
  56  7:02  Hydralisk x4  
  64  7:16  Hydralisk  
  64  7:20  Muscular Augments  
  66  7:30  Drone x2  
  68  7:43  Hydralisk  
  70  7:51  Overlord x2  
  70  8:00  Drone  
  71  8:08  Overlord  
  71  8:09  Hydralisk  
  73  8:29  Drone  
  73  8:30  Drone x2  
  73  8:31  Grooved Spines  
  76  8:40  Hydralisk x2  
  76  8:41  Hydralisk x2  
  84  8:53  Drone  
  85  9:10  Spore Crawler  
  84  9:19  Drone  
  84  9:20  Drone x2  
  87  9:26  Hydralisk x5  
  57  11:38  Drone x3  
  60  11:42  Hydralisk x5  
  60  11:43  Hydralisk x3  
Show
View Real Time Build Order
Export as new Build Order

NitoKing Protoss 

Build Orders:  

Get SALT Encoding   

  12  2:50  Assimilator  
  12  2:56  Assimilator  
  12  3:12  Nexus  
  12  3:24  Pylon  
  12  3:30  Pylon  
  12  3:44  Forge  
  12  3:48  Gateway  
  12  4:00  Nexus  
  12  4:02  Probe (Chrono Boost)  
  13  4:12  Probe (Chrono Boost)  
  14  4:17  Probe (Chrono Boost)  
  15  4:26  Photon Cannon  
  15  4:27  Photon Cannon  
  15  4:29  Photon Cannon  
  15  4:32  Photon Cannon  
  15  4:38  Pylon  
  15  4:42  Pylon  
  15  4:46  Probe (Chrono Boost)  
  16  4:56  Probe (Chrono Boost)  
  17  5:01  Probe (Chrono Boost)  
  17  5:02  Cybernetics Core  
  18  5:13  Probe  
  20  5:25  Probe  
  20  5:36  Pylon  
  20  5:37  Probe (Chrono Boost)  
  20  5:42  Probe (Chrono Boost)  
  22  5:47  Probe (Chrono Boost)  
  23  5:59  Photon Cannon  
  23  6:01  Stargate  
  23  6:11  Robotics Facility  
  23  6:31  Stargate  
  23  6:34  Probe (Chrono Boost)  
  24  6:44  Probe (Chrono Boost)  
  25  6:49  Probe (Chrono Boost)  
  26  6:54  Fleet Beacon  
  26  6:57  Assimilator  
  26  6:58  Probe (Chrono Boost)  
  27  7:08  Probe (Chrono Boost)  
  28  7:13  Probe (Chrono Boost)  
  29  7:33  Photon Cannon, Protoss Air Weapons Level 1 (Chrono Boost)  
  29  7:37  Stargate  
  29  7:43  Pylon  
  29  7:45  Probe (Chrono Boost)  
  30  7:55  Probe (Chrono Boost)  
  31  7:59  Assimilator  
  31  8:00  Probe (Chrono Boost)  
  31  8:04  Probe (Chrono Boost)  
  31  8:05  Carrier  
  39  8:09  Probe (Chrono Boost)  
  40  8:14  Probe (Chrono Boost)  
  40  8:17  Carrier  
  47  8:22  Observer (Chrono Boost)  
  48  8:36  Carrier  
  54  8:47  Cybernetics Core  
  54  8:51  Stargate  
  54  8:59  Observer  
  55  9:27  Observer  
  55  9:30  Protoss Air Armor Level 1  
  56  9:37  Protoss Air Weapons Level 2  
  56  9:47  Probe (Chrono Boost)  
  56  9:48  Assimilator  
  57  9:53  Assimilator  
  57  9:57  Probe (Chrono Boost)  
  58  10:02  Probe (Chrono Boost)  
Show
View Real Time Build Order
Export as new Build Order

DarkHawk Protoss 

Build Orders: Double Forge 

Get SALT Encoding   

  12  0:03  Probe (Chrono Boost)  
  14  0:15  Probe (Chrono Boost)  
  14  0:22  Probe (Chrono Boost)  
  15  0:33  Pylon  
  15  0:38  Pylon  
  15  0:41  Assimilator  
  15  0:51  Probe  
  16  1:03  Probe  
  17  1:07  Gateway  
  17  1:16  Gateway  
  17  1:22  Gateway  
  17  1:33  Probe (Chrono Boost)  
  18  1:43  Probe (Chrono Boost)  
  19  2:06  Cybernetics Core  
  19  2:12  Gateway  
  19  2:16  Gateway  
  19  2:18  Gateway  
  19  2:22  Pylon  
  19  2:27  Assimilator  
  19  2:30  Probe  
  20  2:39  Warp Gate (Chrono Boost)  
  20  2:42  Probe  
  21  2:54  Probe  
  22  3:06  Probe  
  22  3:12  Pylon  
  23  3:26  Forge  
  23  3:32  Twilight Council  
  23  3:39  Stargate  
  23  4:09  Shield Battery  
  23  4:11  Pylon  
  23  4:25  Gateway  
  23  4:27  Gateway  
  23  4:32  Protoss Shields Level 1 (Chrono Boost), Forge  
  23  4:39  Pylon, Charge  
  23  4:48  Robotics Facility  
  23  4:54  Oracle  
  26  5:14  Protoss Ground Armor Level 1 (Chrono Boost)  
  26  7:26  Protoss Ground Weapons Level 1 (Chrono Boost)  
  26  7:27  Protoss Shields Level 2 (Chrono Boost)  
  23  7:31  Warp Prism  
  25  7:40  Zealot x2  
  25  7:41  Zealot x4  
  37  7:59  Dark Shrine  
  37  8:08  Resonating Glaives  
  37  8:45  Warp Prism  
  37  8:47  Pylon  
  39  8:48  Pylon  
  39  9:21  Zealot x2  
  39  9:22  Zealot x3  
  49  9:37  Zealot  
  49  9:38  Zealot x2  
  51  9:42  Zealot  
  31  9:50  Protoss Ground Weapons Level 2  
  31  9:51  Protoss Shields Level 3  
  29  9:56  Dark Templar  
  29  9:57  Dark Templar x3  
  37  10:02  Warp Prism  
  31  11:02  Shadow Stride  
  29  11:19  Immortal (Chrono Boost)  
  33  11:33  Nexus  
  33  11:38  Dark Templar  
  33  11:39  Dark Templar x2  
  35  11:58  Dark Templar  
  37  12:08  Dark Templar  
  35  12:18  Stalker  
  37  12:34  Stalker  
  37  12:35  Stalker x2  
  37  12:36  Stalker, Sentry  
  37  12:37  Sentry  
  43  12:48  Dark Templar x2  
  35  13:10  Dark Templar  
  35  13:11  Dark Templar x3  
  35  13:12  Dark Templar x2  
  25  13:36  Nexus  
  25  13:41  Pylon  
  3  14:08  Assimilator  
  3  14:13  Assimilator  
  3  14:50  Forge  
  3  14:57  Pylon  
  3  15:00  Pylon  
  3  15:03  Pylon  
  3  15:07  Gateway  
  3  15:10  Probe (Chrono Boost)  
  3  15:13  Gateway  
  4  15:20  Probe (Chrono Boost)  
  5  15:25  Probe (Chrono Boost)  
  6  15:28  Photon Cannon  
  6  15:29  Photon Cannon  
  6  15:31  Photon Cannon  
  6  15:33  Photon Cannon  
  6  15:35  Photon Cannon  
  6  15:36  Probe, Photon Cannon  
  6  15:37  Photon Cannon  
  6  15:40  Photon Cannon  
  6  15:41  Photon Cannon  
  7  15:47  Photon Cannon  
  7  15:48  Photon Cannon  
  7  15:49  Probe  
  8  15:50  Photon Cannon  
  8  15:51  Photon Cannon  
  8  15:54  Photon Cannon  
  8  15:59  Photon Cannon  
Show
View Real Time Build Order
Export as new Build Order

jihoonk Terran 

Build Orders:  

Get SALT Encoding   

  12  0:02  SCV  
  13  0:20  SCV  
  14  0:26  Supply Depot  
  14  0:34  SCV  
  15  0:42  Supply Depot  
  15  0:48  SCV  
  16  0:50  Barracks  
  16  0:57  Refinery  
  16  1:12  SCV  
  17  1:20  Engineering Bay  
  17  1:24  SCV  
  18  1:41  SCV  
  18  1:47  Supply Depot  
  19  1:48  Refinery  
  19  2:03  Barracks  
  19  2:13  Factory  
  19  2:23  Bunker  
  19  2:24  Marine  
  19  2:26  SCV  
  21  2:38  SCV  
  21  2:42  Marine  
  23  2:50  SCV  
  24  2:56  Supply Depot  
  24  2:59  Marine  
  25  3:13  Factory Tech Lab  
  25  3:17  Marine  
  25  3:19  Orbital Command  
  26  3:25  Starport  
  26  3:31  Missile Turret  
  26  3:35  Marine  
  27  3:52  Sensor Tower  
  27  3:59  Starport  
  27  4:04  Missile Turret  
  27  4:16  Siege Tank  
  30  4:30  Starport Reactor, Armory  
  30  4:34  Hi-Sec Auto Tracking  
  30  4:43  Starport Reactor  
  30  5:06  Command Center  
  30  5:12  Viking x2  
  34  5:16  SCV  
  35  5:29  SCV  
  35  5:33  Viking  
  38  5:40  Missile Turret  
  38  5:41  Missile Turret  
  38  5:42  SCV  
  39  6:00  SCV  
  39  6:03  Terran Ship Weapons Level 1  
  40  6:06  Viking  
  42  6:12  SCV  
  43  6:23  Viking x2  
  47  6:36  SCV  
  48  6:40  SCV  
  48  6:44  Missile Turret  
  49  6:48  SCV  
  49  6:52  SCV  
  51  7:00  SCV  
  52  7:04  Missile Turret  
  52  7:09  SCV  
  52  7:10  Sensor Tower  
  52  7:13  SCV  
  52  7:15  Viking x2  
  58  7:19  Smart Servos  
  58  7:21  SCV  
  59  7:26  Refinery  
  59  7:27  SCV  
  59  7:28  Refinery  
  60  7:37  SCV  
  60  7:39  SCV  
  62  8:04  Terran Ship Weapons Level 2  
  62  8:10  Armory  
  62  8:13  Supply Depot  
  62  8:14  Supply Depot  
  62  8:20  Missile Turret  
  62  8:32  Orbital Command  
  62  8:34  SCV  
  62  8:41  Supply Depot x2  
  63  8:43  Supply Depot  
  63  8:50  Missile Turret  
  63  8:54  Viking x2  
  67  8:58  Terran Vehicle And Ship Armor Level 1  
  67  9:00  Viking  
  69  9:21  Building Armor  
  69  9:31  Viking x4  
  77  9:43  SCV  
  77  9:44  SCV  
  79  10:01  Viking  
  65  10:22  Viking x3  
  71  10:31  Viking  
  68  10:52  Viking  
  68  10:55  Viking x2  
  68  11:01  Viking  
  53  11:22  Viking  
  53  11:25  Viking  
  38  11:34  Viking  
  37  11:45  Viking  
  33  11:52  Viking  
  35  11:55  Viking  
  37  12:07  Viking  
  35  12:14  Viking  
  35  12:22  Viking  
  28  12:40  Viking x2  
  32  12:44  Viking  
  34  12:52  Viking  
  34  12:53  Liberator  
  34  12:57  Liberator  
  34  13:05  Liberator  
  32  13:10  Viking  
  33  13:22  Liberator  
  27  13:53  Viking  
  29  13:57  Viking  
  29  14:05  Viking  
Tags
 
Add a new tag
Caveats
  • Supply blocks, unpowered buildings, or Contaminate may cause inaccurate times.
  • Supply counts are checked every 10 seconds.